 Dungeon Crawl Stone Soup version 0.18.1-48-g4cf74bf (webtiles) character file.

79 juanjsm the Insei (level 4, -2/28 HPs)
             Began as an Octopode Transmuter on June 29, 2016.
             Slain by an orc priest
             ... wielding a +0 short sword
              (5 damage)
             ... on level 3 of the Dungeon.
             The game lasted 00:08:05 (2225 turns).

juanjsm the Insei (Octopode Transmuter)             Turns: 2225, Time: 00:08:05

Health: -2/28      AC:  2    Str:  9    XL:     4   Next: 37%
Magic:  2/7        EV: 19    Int: 16    God:
Gold:   166        SH:  0    Dex: 17    Spells: 2 memorised, 3 levels left

rFire  . . .     SeeInvis .       - Unarmed
rCold  . . .     Gourm    .     (shield currently unavailable)
rNeg   . . .     Faith    .     (helmet currently unavailable)
rPois  x         Spirit   .     (no amulet)
rElec  .         Dismiss  .     (no ring)
rCorr  .         Reflect  .     (no ring)
SustAt .         Harm     .     (no ring)
MR     .....                    (no ring)
Stlth  ++........               (no ring)
                                (no ring)
                                (no ring)
                                (no ring)

@: spider-form (expiring), very slightly contaminated, not resistant to hostile
enchantments, unstealthy
A: almost no armour, (amphibious), 8 rings, (constrict 8), (camouflage 0),
(gelatinous body 0)
a: End Transformation


You were on level 3 of the Dungeon.
You were not hungry.
You were a venomous arachnid creature.
You visited 1 branch of the dungeon, and saw 4 of its levels.

You collected 166 gold pieces.

Inventory:

Missiles
 a - 34 arrows
 o - 15 sling bullets
 q - 2 tomahawks of returning (quivered)
 s - 3 poisoned needles
Scrolls
 d - a scroll of magic mapping {unknown}
 f - 3 scrolls of enchant weapon {unknown}
 h - a scroll of remove curse {unknown}
 i - a scroll of fear {unknown}
 j - 2 scrolls of amnesia {unknown}
 l - 2 scrolls of random uselessness {unknown}
 m - a scroll of teleportation {unknown}
 n - a scroll of fog {unknown}
 r - 2 scrolls of identify {unknown}
Potions
 e - a potion of beneficial mutation {unknown}
 k - a potion of magic {unknown}
Books
 b - a book of Changes

   Spells                             Type                      Level
   a - Beastly Appendage              Transmutation                1
   b - Sticks to Snakes               Transmutation                2
   c - Spider Form                    Transmutation/Poison         3
   d - Ice Form                       Ice/Transmutation            4
   e - Blade Hands                    Transmutation                5
Comestibles
 c - 2 bread rations
 g - a meat ration
 p - 7 chunks of flesh


   Skills:
 - Level 1.0 Fighting
 - Level 2.0 Dodging
 - Level 3.9 Unarmed Combat
 - Level 2.0 Spellcasting
 * Level 3.5 Transmutations


You had 3 spell levels left.
You knew the following spells:

 Your Spells              Type           Power        Failure   Level  Hunger
a - Beastly Appendage     Trmt           ##....       17%         1    #......
b - Spider Form           Trmt/Pois      #.........   56%         3    ###....


Dungeon Overview and Level Annotations

Branches:
Dungeon (4/15)
 Temple: D:4-7

Altars:


Innate Abilities, Weirdness & Mutations

You cannot wear most types of armour.
((You are amphibious.))
You can wear up to eight rings at the same time.
((You can use your tentacles to constrict eight enemies at once.))
((Your skin changes colour to match your surroundings (Stealth).))
((Your rubbery body absorbs attacks (AC +1).))


Message History

Beogh smites you!
The orc priest hits you with a short sword.
* * * LOW HITPOINT WARNING * * *
There is an open door, spattered with blood here.
Items here: )))) [ †† You are too injured to fight recklessly!
You are too injured to fight recklessly!
You completely miss the worm.
The orc priest hits you but does no damage.
You hit the worm.
The worm is moderately wounded.
The worm closely misses you. The orc priest completely misses you.
You hit the worm.
The worm is poisoned.
The worm is heavily wounded.
The orc priest hits you with a short sword.
* * * LOW HITPOINT WARNING * * *
The worm misses you.
You barely miss the orc priest.
The orc priest hits you with a short sword.
You die...

#######..## #..## ###### #...#
#.... #....# #.#.## #.###
#....# #.#..######'### #....#
#.............# #....#
####..###.....# #....#
#......#.....#
##########..†.####.##...#.....#
.............os....###..#.....#
.........(...w###### ..###'###
................# #.# #.#
...........##...# .. #.##
.....%.######...# ..##.<#
...o... #...# #..# .o.....
#...# #..# ....... #...# ...#
....... #.... .#.##


You could see a worm and an orc priest.

Vanquished Creatures
  An ooze (D:3)
  4 worms
  5 giant geckos
  3 orcs (D:3)
  2 ball pythons (D:2)
  9 bats
  3 giant cockroaches
  7 goblins
  6 hobgoblins
  3 kobolds
  A quokka (D:2)
  4 giant newts
  5 rats
53 creatures vanquished.

Notes
Turn   | Place    | Note
--------------------------------------------------------------
     0 | D:1      | juanjsm the Octopode Transmuter began the quest for the Orb.
     0 | D:1      | Reached XP level 1. HP: 13/13 MP: 3/3
   219 | D:1      | Reached XP level 2. HP: 16/18 MP: 3/5
  1055 | D:2      | Reached XP level 3. HP: 10/23 MP: 4/6
  1060 | D:2      | Learned a level 3 spell: Spider Form
  2029 | D:3      | Reached XP level 4. HP: 27/28 MP: 7/7
  2225 | D:3      | Slain by an orc priest

Skill      XL: |  1  2  3 |
---------------+----------+-----
Transmutations | 3 |  3.5
Fighting       | |  1.0
Dodging        | |  2.0
Unarmed Combat | |  3.9
Spellcasting   | |  2.0

Action                   |  1- 3 |  4- 6 || total
-------------------------+-------+-------++-------
Melee: Unarmed           |    90 |    29 ||   119
       Constrict         |    24 |     6 ||    30
       Kick              |    15 |     3 ||    18
       Tentacles         |    15 |     5 ||    20
       Punch             |     5 |     1 ||     6
 Cast: Beastly Appendage |    21 |     4 ||    25
       Spider Form       |       |     1 ||     1
 Stab: Sleeping          |    10 |     1 ||    11
  Eat: Chunk             |     4 |     1 ||     5
Armor: Skin              |    12 |     2 ||    14
Dodge: Dodged            |    49 |    12 ||    61
